 Dungeon Crawl Stone Soup version 0.30-a0-12-gd8047c6341 (webtiles) character file.

Game seed: 5225324759657964179

26148 drpainis the Severer (level 12, -5/172 HPs)
             Began as a Minotaur Berserker on Aug 23, 2022.
             Was an Elder of Trog.
             Slain by a large abomination (30 damage)
             ... on level 4 of the Abyss.
             The game lasted 00:29:21 (17738 turns).

drpainis the Severer (Minotaur Berserker)          Turns: 17738, Time: 00:29:21

Health: -5/172     AC: 17    Str: 28    XL:     12   Next: 95%
Magic:  11/11      EV: 12    Int:  4    God:    Trog [****..]
Gold:   53         SH:  0    Dex: 15    Spells: 11/11 levels left

rFire   . . .      SeeInvis .    M - +4 battleaxe
rCold   . . .      Faith    .    (shield currently unavailable)
rNeg    . . .      Spirit   .    Q - +0 chain mail
rPois   .          Reflect  .    (helmet restricted)
rElec   +          Harm     .    H - +0 cloak
rCorr   .          Rampage  +    T - +0 pair of gloves
Will    +++..                    m - +2 pair of boots {rampage}
Stlth   ..........               o - amulet of the Air {Inacc Air Fly rElec RMsl}
HPRegen 1.00/turn                n - +6 ring of dexterity
MPRegen 0.12/turn                V - ring of willpower

@: berserking (expiring), strong-willed, sick, flying, regenerating, studying
Throwing, repel missiles, very quick
A: horns 2, retaliatory headbutt
a: Renounce Religion, Berserk, Trog's Hand, Brothers in Arms


You were on level 4 of the Abyss.
You worshipped Trog.
Trog was greatly pleased with you.
You visited 2 branches of the dungeon, and saw 14 of its levels.
You visited the Abyss 1 time.
You also visited: Sewer.

You collected 804 gold pieces.
You spent 751 gold pieces at shops.

Inventory:

Hand Weapons
 a - a +0 hand axe
 r - a +2 quarterstaff of chaos
 x - a +1 spectral club
 I - a +2 hand axe of electrocution
 M - a +4 battleaxe (weapon)
 Y - a +0 broad axe
Missiles
 K - 2 throwing nets (quivered)
Armour
 b - a +0 animal skin
 m - a +2 pair of boots of rampaging (worn)
 s - a +0 cloak
 H - a +0 cloak (worn)
 Q - a +0 chain mail (worn)
 T - a +0 pair of gloves (worn)
Magical Staves
 F - a staff of fire
Jewellery
 e - an amulet of the acrobat
 n - a +6 ring of dexterity (left hand)
 o - the amulet of the Air (around neck) {Inacc Air Fly rElec RMsl}
   (You bought it in a shop on level 8 of the Dungeon)

   [amulet of nothing]

   It reduces the accuracy of all your attacks.
   It enhances your air magic.
   rElec:     It insulates you from electricity.
   Fly:       It grants you flight.
   RMsl:      It protects you from missiles.
 U - a +4 ring of evasion
 V - a ring of willpower (right hand)
 W - a ring of positive energy
Wands
 c - a wand of mindburst (9)
 d - a wand of digging (2)
 v - a wand of iceblast (16)
 J - a wand of charming (12)
 N - a wand of light (21)
 P - a wand of polymorph (13)
 S - a wand of flame (8)
Scrolls
 f - a scroll of immolation
 h - 8 scrolls of fear
 k - 7 scrolls of teleportation
 l - 7 scrolls of amnesia
 p - 4 scrolls of fog
 t - 3 scrolls of magic mapping
 y - a scroll of blinking
 E - 4 scrolls of identify
 L - 2 scrolls of noise
 O - a scroll of acquirement
Potions
 g - a potion of attraction
 i - 3 potions of flight
 j - 4 potions of degeneration
 q - 3 potions of lignification
 u - a potion of mutation {unknown}
 w - 2 potions of brilliance
 A - 2 potions of invisibility
 B - 4 potions of magic
 C - 2 potions of cancellation {unknown}
 D - a potion of ambrosia {unknown}
 G - a potion of might {unknown}
Miscellaneous
 R - a box of beasts (inert)


   Skills:
 + Level 13.3 Fighting
 + Level 18.4 Axes
 + Level 9.9 Armour
 + Level 7.7 Dodging
 + Level 4.3 Stealth


You had 11 spell levels left.
You didn't know any spells.
Your spell library was empty.

Dungeon Overview and Level Annotations

Branches:
Dungeon (10/15)            Temple (0/1) D:5            Lair (4/5) D:9
  Swamp (0/4) Lair:2        Snake (0/4) Lair:2        Sewer (visited)
  Slime: Lair:4-5       Orc: D:9-12

Altars:
Cheibriados
Gozag
Uskayaw
Xom
Yredelemnul
The Shining One

Shops:
D:8 =

Annotations:
D:9 2 transporters, Tuch's ghost, novice DEHW
D:10 Snorg
Lair:2 3 runed translucent doors, Gyitair's ghost, journeyman DDFi
Lair:4 Sobieck's ghost, journeyman OgEE


Innate Abilities, Weirdness & Mutations

You have a pair of horns on your head.
You reflexively headbutt those who attack you in melee.


Message History

You miss the brown ugly thing.
The brown ugly thing closely misses you.
You furiously retaliate!
You headbutt the brown ugly thing!
Unknown command.
You slash the brown ugly thing!
Your headbutt misses the brown ugly thing.
The brown ugly thing is heavily wounded.
You slash the brown ugly thing!
Your ogre barely misses the quasit.
The quasit barely misses your ogre. The quasit claws your ogre. x2
You feel ill.
Unknown command.
You slash the brown ugly thing!
Your headbutt misses the brown ugly thing.
The brown ugly thing is severely wounded.
You slice the large abomination!! You slice the brown ugly thing!!
The brown ugly thing tentacle-slaps you but does no damage.
The brown ugly thing gores you.
You are splashed with acid!
* * * LOW HITPOINT WARNING * * *
The large abomination hits you!
* * * LOW HITPOINT WARNING * * *
The quasit bites your ogre. The quasit claws your ogre.
Your ogre dies!
Your ogre's corpse disappears in a puff of smoke!
You carve the brown ugly thing like a ham!!!
You kill the brown ugly thing!
Trog accepts your kill.
You closely miss the brown ugly thing. You hit the large abomination.
Unknown command.
You rampage towards the ancient zyme!
You slice the ancient zyme!!
The ancient zyme is severely damaged.
You closely miss the brown ugly thing. You closely miss the large abomination.
You miss the quasit.
The quasit bites you but does no damage.
The quasit barely misses you. x2
The brown ugly thing tentacle-slaps you.
* * * LOW HITPOINT WARNING * * *
You are splashed with acid!
* * * LOW HITPOINT WARNING * * *
The large abomination hits you!!
You die...

.. φ ...... ###
...... ##
#.##.∩.... ...
#.#...#.. ....
......... .....
###........
#.....#.#u5#.....
#.......'@x......
#≈...##†#X4..#...
#... ###..#.....
..#......
.##...... ..
...... .. #.....
... .#..


You could see a brown ugly thing, an ancient zyme, a large abomination, a rust
devil and a quasit.

Vanquished Creatures
  2 very ugly things (Abyss:4)
  A hydra (Lair:1)
  Pikel (D:4)
  An oklob plant (D:7)
  An ugly thing (Abyss:4)
  2 black mambas (Lair:2)
  3 elephants (Lair:4)
  7 cane toads
  A rime drake (Lair:2)
  7 komodo dragons
  3 polar bears
  7 blink frogs
  5 dream sheep (Lair:3)
  Sigmund (D:6)
  A wraith (D:10)
  32 yaks
  Eustachio (D:4)
  2 wyverns (D:9)
  A basilisk (Lair:2)
  Menkaure (D:7)
  A naga (Lair:2)
  6 water moccasins
  An ice beast (D:6)
  7 black bears
  An ogre (D:7)
  3 orc warriors (D:9)
  A sky beast (D:7)
  3 centaurs
  23 wolves
  3 phantoms
  A lemure (D:4)
  5 kobold brigands
  Blork the orc (D:4)
  9 bullfrogs
  A gnoll sergeant (D:5)
  A scorpion (D:5)
  A necrophage (D:8)
  5 killer bees (D:10)
  An electric eel (Lair:3)
  4 howler monkeys
  4 hounds
  9 jellies
  9 orc priests
  Crazy Yiuf (D:2)
  Natasha (thrice) (D:3)
  A gnoll bouda (D:8)
  3 iguanas
  Ijyb (D:4)
  18 orc wizards
  Robin (D:4)
  16 gnolls
  4 river rats (Sewer)
  15 adders
  3 white imps
  2 worms (D:3)
  A dart slug (D:1)
  53 orcs
  10 bats
  20 endoplasms
  3 giant cockroaches
  12 goblins
  13 hobgoblins
  6 jackals (D:2)
  41 kobolds
  7 quokkas
  20 ball pythons
  6 frilled lizards
  20 rats
  A spectral hobgoblin (D:1)
461 creatures vanquished.

Vanquished Creatures (collateral kills)
  Nessos (Lair:3)
  A wyvern (Lair:2)
  A naga (Lair:2)
  An orc priest (D:6)
  An orc (D:6)
5 creatures vanquished.

Vanquished Creatures (others)
  19 fungi
  36 plants
  3 withered plants (D:1)
58 creatures vanquished.

Grand Total: 524 creatures vanquished

Notes
Turn   | Place    | Note
-------+----------+-------------------------------------------
     0 | D:1      | drpainis the Minotaur Berserker began the quest for the
                  | Orb.
     0 | D:1      | Reached XP level 1. HP: 19/19 MP: 0/0
   149 | D:1      | Reached skill level 4 in Axes
   149 | D:1      | Reached XP level 2. HP: 14/27 MP: 1/1
   550 | D:1      | Reached XP level 3. HP: 28/33 MP: 2/2
  1010 | D:1      | Found a faded altar of an unknown god.
  1031 | D:1      | Reached ** piety under Trog
  1369 | D:2      | Found Jaxtiogyd's Antique Weapon Emporium.
  1890 | D:2      | Reached XP level 4. HP: 35/41 MP: 3/3
  2020 | D:2      | Reached skill level 5 in Axes
  2314 | D:2      | Found a runed translucent door.
  2315 | D:2      | Noticed Crazy Yiuf
  2462 | D:2      | Killed Crazy Yiuf
  2672 | D:3      | Reached XP level 5. HP: 47/47 MP: 4/4
  2678 | D:3      | Noticed Natasha
  2688 | D:3      | Killed Natasha
  2689 | D:3      | Reached skill level 5 in Fighting
  2690 | D:3      | Reached skill level 1 in Stealth
  2696 | D:3      | Reached skill level 6 in Axes
  2748 | D:3      | Noticed Natasha
  2753 | D:3      | Killed Natasha
  2754 | D:3      | Reached XP level 6. HP: 39/56 MP: 5/5
  2763 | D:3      | Reached *** piety under Trog
  3157 | D:3      | Found a basalt altar of Yredelemnul.
  3383 | D:3      | Noticed Natasha
  3388 | D:3      | Killed Natasha
  3448 | D:4      | Noticed Robin
  3455 | D:4      | Killed Robin
  3461 | D:4      | Reached **** piety under Trog
  3462 | D:4      | Reached skill level 7 in Axes
  3617 | D:4      | Found a glowing drain.
  3628 | D:4      | Reached XP level 7. HP: 55/62 MP: 6/6
  3637 | Sewer    | Entered a sewer
  4047 | Sewer    | Reached ***** piety under Trog
  4649 | D:4      | Noticed Pikel
  4650 | D:4      | Noticed Ijyb
  4671 | D:4      | Killed Pikel
  4671 | D:4      | Killed Ijyb
  4672 | D:4      | Reached skill level 8 in Axes
  4672 | D:4      | Reached skill level 5 in Dodging
  4672 | D:4      | Reached XP level 8. HP: 51/71 MP: 7/7
  5115 | D:4      | Noticed Eustachio
  5123 | D:4      | Killed Eustachio
  5124 | D:4      | Reached skill level 9 in Axes
  5186 | D:4      | You fall into a shaft and drop 2 floors!
  5217 | D:6      | Noticed Sigmund
  5253 | D:6      | Killed Sigmund
  5619 | D:6      | Found an opulent altar of Gozag.
  5682 | D:5      | Entered Level 5 of the Dungeon
  5726 | D:5      | Reached skill level 10 in Axes
  5726 | D:5      | Reached XP level 9. HP: 37/79 MP: 8/8
  6211 | D:5      | Found a staircase to the Ecumenical Temple.
  6924 | D:4      | Noticed Blork the orc
  6932 | D:4      | Killed Blork the orc
  8066 | D:7      | Noticed Menkaure
  8075 | D:7      | Killed Menkaure
  8076 | D:7      | Reached skill level 11 in Axes
  8194 | D:7      | Found a hide-covered altar of Uskayaw.
  8235 | D:7      | Found a snail-covered altar of Cheibriados.
  8666 | D:7      | Noticed an oklob plant
  8669 | D:7      | Reached skill level 12 in Axes
  8868 | D:7      | Killed an oklob plant
  8869 | D:7      | Reached XP level 10. HP: 43/90 MP: 9/9
  9228 | D:8      | Found a glowing golden altar of the Shining One.
  9267 | D:8      | Received a gift from Trog
  9344 | D:8      | Reached skill level 13 in Axes
  9639 | D:8      | Found Kene's Jewellery Shoppe.
  9647 | D:8      | Bought a ring of willpower for 300 gold pieces
  9687 | D:8      | Reached skill level 14 in Axes
 10795 | D:9      | Noticed a two-headed ogre
 10795 | D:9      | Noticed a two-headed ogre
 10795 | D:9      | Noticed Tuch's ghost (novice DEHW)
 10797 | D:9      | Noticed a two-headed ogre
 10797 | D:9      | Noticed a two-headed ogre
 10798 | D:9      | Found a transporter.
 10800 | D:9      | Noticed a two-headed ogre
 10802 | D:9      | Found a transporter.
 10869 | D:9      | Reached skill level 15 in Axes
 11038 | D:9      | Reached XP level 11. HP: 98/99 MP: 10/10
 11169 | D:9      | Found a staircase to the Lair.
 11376 | D:10     | Entered Level 10 of the Dungeon
 11400 | D:10     | Reached skill level 10 in Fighting
 11422 | D:10     | Noticed Snorg
 11607 | Lair:1   | Entered Level 1 of the Lair of Beasts
 11730 | Lair:1   | Identified the +8 war axe "Arbiter" {spect, Int+3}
 11734 | Lair:1   | Identified the +0 leather armour of the Blind Marksman
                  | {+Blink Int+3}
 11790 | Lair:1   | Noticed a seven-headed hydra
 11801 | Lair:1   | Killed a 14-headed hydra
 11802 | Lair:1   | Reached skill level 5 in Armour
 12305 | Lair:1   | Reached skill level 16 in Axes
 12877 | Lair:1   | Identified a scroll of acquirement
 12877 | Lair:1   | Acquired a +2 pair of boots of rampaging
 13642 | Lair:2   | Found a staircase to the Snake Pit.
 13880 | Lair:2   | Found a runed translucent gate.
 13880 | Lair:2   | Found a runed translucent gate.
 13881 | Lair:2   | Found a runed translucent gate.
 13881 | Lair:2   | Noticed Gyitair's ghost (journeyman DDFi)
 13881 | Lair:2   | Noticed a nine-headed hydra
 13881 | Lair:2   | Noticed a nine-headed hydra
 14058 | Lair:2   | Reached XP level 12. HP: 97/110 MP: 11/11
 14244 | Lair:2   | Reached skill level 17 in Axes
 14765 | Lair:2   | Found a staircase to the Swamp.
 15150 | Lair:3   | Noticed Nessos
 15421 | Lair:3   | Killed Nessos
 16513 | D:8      | Bought the amulet of the Air {Inacc Air Fly rElec RMsl} for
                  | 451 gold pieces
 16513 | D:8      | Found the amulet of the Air {Inacc Air Fly rElec RMsl}
 16774 | Lair:4   | Found a runed translucent door.
 16778 | Lair:4   | Found a shimmering altar of Xom.
 16778 | Lair:4   | Noticed Sobieck's ghost (journeyman OgEE)
 16801 | Lair:4   | Reached skill level 18 in Axes
 17647 | Abyss:4  | Cast into level 4 of the Abyss (+0 great mace of chaos)
 17715 | Abyss:4  | Noticed a cyan very ugly thing
 17716 | Abyss:4  | Noticed a cyan very ugly thing
 17728 | Abyss:4  | Killed a cyan very ugly thing
 17732 | Abyss:4  | Killed a brown very ugly thing
 17738 | Abyss:4  | Slain by a large abomination

Illustrated notes

Levels and vault maps discovered:
D:1:      spicycebolla_arrival_clurvy, layout_basic,
          dreamdust_ecumenical_altar_drowned_temple,
          amcnicky_mini_rare_corridor_liquid
D:2:      layout_loops_ring, serial_shops, shop, minmay_domino_4,
          uniq_crazy_yiuf_cottage
D:3:      layout_rooms, lemuel_doored_altar, uniq_natasha
D:4:      layout_loops_ring, portal_sewer_entry_f, uniq_robin, uniq_pikel,
          uniq_blork_the_orc, uniq_ijyb, uniq_eustachio
D:5:      layout_basic, minmay_temple_entry_mist
D:6:      layout_gridville, nicolae_overflow_hidden_temple, uniq_sigmund,
          uniq_duvessa
D:7:      lemuel_slime, layout_basic, kennysheep_mini,
          mainiacjoe_overflow_brackets, chequers_decorated_corner, uniq_menkaure
D:8:      layout_loops_corners, nicolae_tso_carved_into_rock, serial_shops,
          nicolae_shop_temple_entry_statues_fountains
D:9:      layout_roguey [special_room_orc], grunt_lair_entry_orc_guard_hut,
          gammafunk_ghost_smash
D:10:     layout_long_grid, minmay_orc_entry_temple_small, uniq_snorg,
          uniq_josephine
Lair:1:   layout_cave_pods, serial_bayou_ford_a, serial_bayou_shore_b
Lair:2:   layout_gridlike, minmay_swamp_entry_worms,
          guppyfry_snake_entry_garden, gammafunk_ghost_hydra_chop,
          beast_lair_carwin_4
Lair:3:   layout_gridlike, minmay_stone_trees_medium, serial_bayou_shore_a,
          uniq_nessos
Lair:4:   layout_roguey, ebering_ghost_xom, lemuel_old_faithful
Abyss:4:  base: D:5, grunt_abyss_rune_wretched_hive

Skill      XL: |  1  2  3  4  5  6  7  8  9 10 11 12 |
---------------+-------------------------------------+-----
Axes           | 4 5 6 7 8 10 12 15 16 18 | 18.4
Fighting       | 4 5 6 7 8 9 11 13 | 13.3
Dodging        | 3 5 6 7 |  7.7
Stealth        | 1 2 3 4 |  4.3
Armour         | 3 4 8 9 |  9.9

Action                   |  1- 3 |  4- 6 |  7- 9 | 10-12 || total
-------------------------+-------+-------+-------+-------++-------
Melee: Hand axe          |    69 |   129 |   180 |       ||   378
       Headbutt          |     9 |    21 |    57 |    90 ||   177
       Punch             |     2 |     1 |     3 |       ||     6
       Battleaxe         |       |       |    89 |   438 ||   527
Invok: Berserk           |     1 |     4 |     7 |     9 ||    21
       Trog's Hand       |       |     1 |     6 |    14 ||    21
       Brothers in Arms  |       |       |     1 |     2 ||     3
Evoke: Box of beasts     |       |       |       |     1 ||     1
  Use: Potion            |       |       |     4 |    15 ||    19
       Scroll            |       |       |     3 |    15 ||    18
 Stab: Sleeping          |       |     1 |     4 |       ||     5
Armor: Animal skin       |    13 |    11 |    23 |       ||    47
       Chain mail        |       |       |    32 |   226 ||   258
Dodge: Dodged            |    61 |   116 |   268 |   355 ||   800

Table legend: (Time is in decaauts)
 A = Elapsed time spent in this place.
 B = Non-inter-level travel time spent in this place.
 C = Inter-level travel time spent in this place.
 D = Time resting spent in this place.
 E = Time spent auto-exploring this place.
 F = Levels seen in this place.
 G = Mean time per level.
                   A        B        C        D        E       F      G
               +--------+--------+--------+--------+--------+-----+--------+
         Total |  17896 |  17142 |    754 |      0 |  14019 |  16 | 1118.5 |
       Dungeon |  10879 |  10379 |    500 |      0 |   8421 |  10 | 1087.9 |
          Lair |   5952 |   5699 |    253 |      0 |   4973 |   4 | 1488.0 |
         Abyss |     85 |     85 |      0 |      0 |     61 |   1 |   85.0 |
         Sewer |    979 |    979 |      0 |      0 |    563 |   1 |  979.0 |
               +--------+--------+--------+--------+--------+-----+--------+

Top non-repeatable levels by time:
  Lair:1: 2057 daAuts
  Lair:2: 1835 daAuts
     D:1: 1356 daAuts
     D:2: 1348 daAuts
     D:8: 1339 daAuts
     D:7: 1320 daAuts
     D:5: 1277 daAuts
     D:9: 1197 daAuts
     D:4: 1184 daAuts
  Lair:3: 1043 daAuts
  Lair:4: 1016 daAuts
     D:6: 998 daAuts
   Sewer: 979 daAuts
     D:3: 795 daAuts
 Abyss:4: 85 daAuts
